General information
- name: BNet
- type: Ladder team game (AT/RT)
- host: Battle.net
- saver: SHEPPARD-D.
map: FullScaleAssault
- players: 8
- length: 25:16
- speed: Fast
- version: 1.26 W3XP
- replay type: Public
» download(121 KB)
Players
team 1 (loser)

»
Promised (
yellow | 34 APM | 827 actions | 24:39)
4 Priestess of the Moon
1 Searing Arrows
2 Trueshot Aura
1 Scout
» actions
| Assign group hotkey | 32 | |
| Basic commands | 2 | |
| Build / train | 59 | |
| Enter build submenu | 13 | |
| Enter hero's abilities submenu | 4 | |
| Remove unit from queue | 3 | |
| Right click | 277 | |
| Select / deselect | 211 | |
| Select group hotkey | 197 | |
| Use ability | 29 | |
827 total
» units
| Wisp | 13 | |
| Archer | 20 | |
| Hippogryph | 10 | |
43 total
» upgrades
| Strength of the Moon | 2 | |
| Moon Armor | 2 | |
| Hippogryph Taming | 1 | |
| Improved Bows | 1 | |
6 total
» buildings
| Altar of Elders | 1 | |
| Moon Well | 5 | |
| Ancient of War | 1 | |
| Hunter's Hall | 1 | |
| Tree of Ages | 1 | |
| Ancient of Wonders | 1 | |
| Ancient of Wind | 2 | |
| Tree of Eternity | 1 | |
13 total
» build order
00:39 Altar of Elders
00:41 Moon Well
00:53 Ancient of War
02:04 Hunter's Hall
02:24 Moon Well
02:53 Tree of Ages
03:34 Moon Well
04:24 Ancient of Wonders
04:28 Moon Well
05:28 Moon Well
06:14 Ancient of Wind
06:16 Ancient of Wind
12:37 Tree of Eternity
SHEPPARD-D. (
teal | 52 APM | 1322 actions | 25:16)
4 Goblin Tinker
2 Pocket Factory
1 Engineering Upgrade
1 Cluster Rockets
2 Goblin Alchemist
2 Healing Spray
» actions
| Assign group hotkey | 20 | |
| Basic commands | 148 | |
| Build / train | 59 | |
| Enter build submenu | 17 | |
| Enter hero's abilities submenu | 6 | |
| Give item / drop item | 5 | |
| Remove unit from queue | 2 | |
| Right click | 417 | |
| Select / deselect | 171 | |
| Select group hotkey | 420 | |
| Use ability | 57 | |
1322 total
» units
| Peon | 15 | |
| Grunt | 3 | |
| Goblin Shredder | 10 | |
| Wind Rider | 7 | |
35 total
» upgrades
| Envenomed Spears | 1 | |
| Ranged Weapons | 2 | |
| Armor | 2 | |
| Reinforced Defenses | 1 | |
6 total
» buildings
| Altar of Storms | 1 | |
| Orc Burrow | 7 | |
| Barracks | 1 | |
| Voodoo Lounge | 1 | |
| Stronghold | 1 | |
| Great Hall | 2 | |
| War Mill | 1 | |
| Fortress | 2 | |
| Beastiary | 4 | |
| Watch Tower | 8 | |
28 total
» build order
00:10 Altar of Storms
00:19 Orc Burrow
00:38 Barracks
01:23 Orc Burrow
02:09 Voodoo Lounge
02:54 Stronghold
04:39 Great Hall
05:08 War Mill
05:22 Fortress
05:22 Fortress
06:19 Great Hall
06:49 Beastiary
06:50 Beastiary
06:51 Beastiary
07:12 Orc Burrow
07:42 Orc Burrow
07:42 Orc Burrow
09:05 Beastiary
09:31 Orc Burrow
09:55 Orc Burrow
12:17 Watch Tower
12:17 Watch Tower
12:19 Watch Tower
12:19 Watch Tower
15:10 Watch Tower
15:10 Watch Tower
15:10 Watch Tower
15:22 Watch Tower
» items
| Staff of Teleportation | 2 | |
| Potion of Lesser Invulnerability | 1 | |
| Scroll of Town Portal | 1 | |
4 total

»
YourDeadbeatDad (
red | 37 APM | 666 actions | 17:54)
3 Warden
2 Shadow Strike
1 Blink
1 Keeper of the Grove
1 Entangling Roots
» actions
| Assign group hotkey | 18 | |
| Basic commands | 3 | |
| Build / train | 48 | |
| ESC pressed | 1 | |
| Enter build submenu | 17 | |
| Enter hero's abilities submenu | 4 | |
| Remove unit from queue | 1 | |
| Right click | 185 | |
| Select / deselect | 190 | |
| Select group hotkey | 167 | |
| Use ability | 32 | |
666 total
» units
| Wisp | 14 | |
| Archer | 10 | |
| Glaive Thrower | 6 | |
| Druid of the Claw | 1 | |
| Hippogryph | 3 | |
34 total
» upgrades
| Vorpal Blades | 1 | |
| Strength of the Moon | 1 | |
2 total
» buildings
| Ancient of War | 2 | |
| Moon Well | 8 | |
| Altar of Elders | 1 | |
| Ancient of Wonders | 1 | |
| Tree of Ages | 1 | |
| Hunter's Hall | 1 | |
| Ancient of Lore | 1 | |
| Tree of Eternity | 1 | |
| Ancient of Wind | 2 | |
18 total
» build order
00:17 Ancient of War
00:27 Moon Well
00:36 Altar of Elders
01:54 Moon Well
02:13 Ancient of Wonders
02:50 Moon Well
03:48 Moon Well
04:17 Tree of Ages
04:37 Hunter's Hall
07:15 Ancient of Lore
09:54 Tree of Eternity
11:29 Ancient of War
14:55 Ancient of Wind
14:58 Ancient of Wind
15:52 Moon Well
16:11 Moon Well
16:15 Moon Well
16:20 Moon Well
» items
| Dust of Appearance | 1 | |
| Orb of Venom | 1 | |
| Scroll of Town Portal | 1 | |
3 total
sscpreps (
blue | 31 APM | 653 actions | 21:03)
3 Blademaster
2 Critical Strike
1 Wind Walk
» actions
| Assign group hotkey | 2 | |
| Basic commands | 23 | |
| Build / train | 47 | |
| Enter build submenu | 34 | |
| Enter hero's abilities submenu | 3 | |
| Remove unit from queue | 2 | |
| Right click | 244 | |
| Select / deselect | 257 | |
| Use ability | 41 | |
653 total
» units
| Peon | 9 | |
| Troll Headhunter/Berserker | 15 | |
| Grunt | 2 | |
| Tauren | 4 | |
30 total
» upgrades
| Melee Weapons | 1 | |
| Armor | 2 | |
| Ranged Weapons | 2 | |
| Troll Regeneration | 1 | |
| Berserker Upgrade | 1 | |
| Pulverize | 1 | |
8 total
» buildings
| Orc Burrow | 6 | |
| War Mill | 1 | |
| Altar of Storms | 1 | |
| Barracks | 1 | |
| Voodoo Lounge | 1 | |
| Stronghold | 1 | |
| Fortress | 1 | |
| Watch Tower | 16 | |
| Tauren Totem | 3 | |
31 total
» build order
00:24 Orc Burrow
00:52 War Mill
01:19 Altar of Storms
01:39 Barracks
01:52 Orc Burrow
02:28 Voodoo Lounge
02:56 Stronghold
05:18 Orc Burrow
05:25 Fortress
06:18 Orc Burrow
07:29 Watch Tower
07:39 Watch Tower
09:36 Tauren Totem
09:40 Tauren Totem
09:54 Watch Tower
10:15 Watch Tower
10:29 Tauren Totem
10:52 Watch Tower
12:01 Orc Burrow
12:08 Orc Burrow
15:06 Watch Tower
15:11 Watch Tower
15:16 Watch Tower
16:19 Watch Tower
16:23 Watch Tower
16:28 Watch Tower
17:26 Watch Tower
17:30 Watch Tower
17:36 Watch Tower
17:48 Watch Tower
19:14 Watch Tower
» items
team 2 (winner)
Legend) (
purple | 73 APM | 344 actions | 04:41)
2 Archmage
1 Summon Water Elemental
1 Brilliance Aura
» actions
| Assign group hotkey | 9 | |
| Basic commands | 5 | |
| Build / train | 23 | |
| ESC pressed | 2 | |
| Enter build submenu | 9 | |
| Enter hero's abilities submenu | 2 | |
| Right click | 145 | |
| Select / deselect | 83 | |
| Select group hotkey | 53 | |
| Use ability | 13 | |
344 total
» units
» upgrades
» buildings
| Altar of Kings | 1 | |
| Farm | 3 | |
| Barracks | 1 | |
| Town Hall | 1 | |
| Arcane Vault | 1 | |
7 total
» build order
00:07 Altar of Kings
00:09 Farm
00:15 Barracks
00:51 Farm
02:10 Farm
03:44 Town Hall
03:50 Arcane Vault
BreakerOfTravis (
green | 111 APM | 2796 actions | 25:16)
8 Archmage
3 Summon Water Elemental
3 Brilliance Aura
2 Mass Teleport
» actions
| Assign group hotkey | 46 | |
| Basic commands | 51 | |
| Build / train | 82 | |
| Enter build submenu | 49 | |
| Enter hero's abilities submenu | 11 | |
| Give item / drop item | 2 | |
| Remove unit from queue | 2 | |
| Right click | 1178 | |
| Select / deselect | 509 | |
| Select group hotkey | 723 | |
| Use ability | 143 | |
2796 total
» units
| Peasant | 16 | |
| Footman | 4 | |
| Goblin Shredder | 1 | |
| Dragonhawk Rider | 6 | |
| Gryphon Rider | 6 | |
| Acolyte | 5 | |
38 total
» upgrades
| Masonry | 4 | |
| Lumber Harvesting | 1 | |
| Animal War Training | 1 | |
| Swords | 3 | |
| Armor | 3 | |
| Storm Hammers | 1 | |
| Cloud | 1 | |
14 total
» buildings
| Altar of Kings | 1 | |
| Barracks | 1 | |
| Farm | 13 | |
| Scout Tower | 16 | |
| Arcane Vault | 1 | |
| Keep | 1 | |
| Town Hall | 3 | |
| Lumber Mill | 2 | |
| Castle | 1 | |
| Halls of the Dead | 2 | |
| Guard Tower | 5 | |
| Spirit Tower | 1 | |
| Gryphon Aviary | 5 | |
| Stronghold | 1 | |
| Blacksmith | 3 | |
| Necropolis | 2 | |
| Ziggurat | 7 | |
| Crypt | 1 | |
66 total
» build order
00:54 Altar of Kings
00:57 Barracks
00:59 Farm
01:06 Farm
01:17 Farm
01:35 Farm
01:35 Farm
02:38 Scout Tower
02:51 Arcane Vault
03:34 Keep
04:17 Town Hall
05:57 Lumber Mill
05:58 Castle
06:57 Halls of the Dead
07:13 Scout Tower
07:13 Scout Tower
07:15 Scout Tower
07:15 Scout Tower
07:16 Scout Tower
07:17 Scout Tower
07:18 Scout Tower
07:23 Guard Tower
07:23 Guard Tower
07:52 Spirit Tower
07:54 Guard Tower
08:24 Guard Tower
09:09 Scout Tower
09:09 Scout Tower
09:10 Scout Tower
09:10 Scout Tower
09:11 Scout Tower
09:11 Scout Tower
09:12 Scout Tower
09:15 Lumber Mill
09:46 Gryphon Aviary
09:46 Gryphon Aviary
09:46 Gryphon Aviary
09:47 Gryphon Aviary
10:32 Gryphon Aviary
10:40 Guard Tower
11:03 Stronghold
11:46 Blacksmith
11:47 Blacksmith
11:48 Blacksmith
12:17 Farm
12:17 Farm
12:18 Farm
12:19 Farm
12:20 Farm
12:20 Farm
13:23 Town Hall
15:58 Necropolis
16:07 Necropolis
16:37 Town Hall
18:43 Halls of the Dead
18:45 Ziggurat
18:46 Ziggurat
18:46 Ziggurat
18:46 Ziggurat
18:47 Ziggurat
18:47 Ziggurat
18:53 Crypt
19:06 Farm
» items
imwastedagain (
orange | 17 APM | 87 actions | 04:59)
2 Death Knight
1 Death Coil
1 Unholy Aura
» actions
| Basic commands | 16 | |
| Build / train | 18 | |
| Enter build submenu | 9 | |
| Enter hero's abilities submenu | 2 | |
| Right click | 3 | |
| Select / deselect | 25 | |
| Use ability | 14 | |
87 total
» units
» buildings
| Graveyard | 1 | |
| Crypt | 1 | |
| Altar of Darkness | 1 | |
| Ziggurat | 4 | |
| Tomb of Relics | 1 | |
8 total
» build order
00:56 Graveyard
01:00 Crypt
01:05 Altar of Darkness
01:10 Ziggurat
01:28 Tomb of Relics
02:00 Ziggurat
02:14 Ziggurat
02:36 Ziggurat

»
kenjis147 (
pink | 24 APM | 108 actions | 04:27)
1 Blademaster
1 Wind Walk
» actions
| Build / train | 20 | |
| Enter build submenu | 6 | |
| Enter hero's abilities submenu | 1 | |
| Remove unit from queue | 1 | |
| Right click | 31 | |
| Select / deselect | 42 | |
| Use ability | 7 | |
108 total
» units
| Peon | 6 | |
| Grunt | 1 | |
| Troll Headhunter/Berserker | 7 | |
14 total
» upgrades
» buildings
| Orc Burrow | 3 | |
| Altar of Storms | 1 | |
| Barracks | 1 | |
| War Mill | 1 | |
6 total
» build order
00:29 Orc Burrow
00:41 Altar of Storms
00:58 Barracks
01:16 War Mill
02:52 Orc Burrow
03:51 Orc Burrow
Chat log
(00:25 / Allies) Promised: hunts to riders maybe late chims
(00:28 / Allies) SHEPPARD-D.: wyverns bats
(00:28 / All) BreakerOfTravis: Let's just agree to disagree
(00:41 / Allies) sscpreps: tauren
(01:50 / Allies) Promised: red what hero u going
(01:55 / Allies) YourDeadbeatDad: warden
(02:00 / Allies) Promised: k potm
(04:35 / All) Promised: LOL
(04:46 / All) Promised: gg
(05:02 / All) Promised: HAHAHA
(05:23 / Allies) Promised: GOOOOOOOOO
(06:33 / Allies) Promised: coming
(09:43 / All) Promised: green killed his own hero
(09:55 / All) BreakerOfTravis: misclick lozl
(10:01 / All) Promised: right.
(10:10 / All) BreakerOfTravis: No it wasn't a misclcik
(10:13 / All) BreakerOfTravis: It was strategy
(10:27 / All) Promised: ur an idiot
(10:36 / All) BreakerOfTravis: U r
(11:19 / Allies) SHEPPARD-D.: gold?
(12:40 / Allies) SHEPPARD-D.: lets hit purple
(12:42 / Allies) SHEPPARD-D.: yellow
(12:49 / Allies) Promised: k
(13:15 / Allies) SHEPPARD-D.: go
(13:27 / Allies) SHEPPARD-D.: go man
(13:31 / Allies) Promised: am
(13:48 / All) Promised: NOOB
(14:01 / Allies) Promised: fight dumb ass teal
(14:11 / Allies) Promised: teal u fucking faggot
(14:15 / Allies) Promised: left me to die
(14:31 / Allies) Promised: b
(14:31 / Allies) Promised: b
(14:31 / Allies) Promised: b
(14:32 / Allies) Promised: b
(14:32 / Allies) Promised: b
(14:33 / Allies) Promised: b
(14:33 / Allies) Promised: b
(14:39 / Allies) Promised: teal u are trash man
(15:04 / All) Promised: haha noob trash
(15:28 / Allies) Promised: CRY MORE CRY MORE CRY MORE CRY MORE CRY MORE
(15:33 / All) SHEPPARD-D.: yellow is raging
(15:43 / All) Promised: teals on his period
(17:37 / All) Promised: damn teal must get beat up alot as a kid
(17:43 / All) SHEPPARD-D.: yea daddy hit me
(18:02 / Allies) Promised: sucks for u nigglet.
(19:07 / All) Promised: people like you make this game no fun. hope you eat shit and die faggot. GO CRY MORE BITCH CRY MORE CRY MORE CRY MORE CRY MORE
(19:16 / All) SHEPPARD-D.: lawl
(19:19 / All) BreakerOfTravis: lawl
(19:20 / All) SHEPPARD-D.: yellow relax
(19:28 / All) SHEPPARD-D.: u should feel honored to be tked by me
(19:30 / All) BreakerOfTravis: he is the one crying
(19:50 / All) Promised: u both are god aweful at this game.
(19:57 / All) BreakerOfTravis: that so?
(20:06 / All) Promised: i mean green seriously mass air when i have mass hipps coming. GG man u suck
(20:12 / All) SHEPPARD-D.: haha
(20:18 / All) BreakerOfTravis: Oh my
(20:20 / All) BreakerOfTravis: MASS AIR
(20:20 / All) BreakerOfTravis: AKA
(20:22 / All) BreakerOfTravis: DRAGON HAWKS
(20:25 / All) BreakerOfTravis: Against air!
(20:30 / All) BreakerOfTravis: Wow mass AA angainst air!
(20:32 / All) BreakerOfTravis: What a dumb idea1
(20:34 / All) Promised: d hawks suck when i have 100/100 food of hipps
(20:43 / All) BreakerOfTravis: You didn't have 100 food of hippos son
(20:51 / All) Promised: you honeslty dont know how to play
(20:56 / All) Promised: i would have.
(21:02 / All) Promised: then nigro teal tked
(21:02 / All) BreakerOfTravis: I beat you 1v4
(21:12 / All) BreakerOfTravis: you're 1-7 solo lol
(21:14 / All) BreakerOfTravis: LOL
(21:24 / All) Promised: your A LOSER>
(21:27 / All) Promised: you suck
(21:31 / All) Promised: NOOB
(21:35 / All) BreakerOfTravis: You can't play without being carried
(21:36 / All) Promised: eat shit and die
(21:43 / All) Promised: its called tk
(21:52 / All) BreakerOfTravis: Yeah you can only win 4v4 when being carried
(21:54 / All) Promised: i would hump ur tiny asshole in this game faggot
(22:02 / All) SHEPPARD-D.: lawl
(22:09 / All) BreakerOfTravis: I raped you son
(22:12 / All) BreakerOfTravis: How mad you are bro?
(22:14 / All) SHEPPARD-D.: yellow u are 134-128 now
(22:21 / All) Promised: u did not. my base was gone
(22:25 / All) Promised: nice try faggot
(22:31 / All) BreakerOfTravis: I finished it off you were no challenge
(22:38 / All) Promised: and u are -1 one as well homo.
(22:40 / All) BreakerOfTravis: I raped your pitiful rush
(22:48 / All) Promised: i have better stats then any of you. your all trash
(22:49 / All) BreakerOfTravis: By choice
(22:50 / All) BreakerOfTravis: You suck
(22:54 / All) BreakerOfTravis: That's why you're 1-7 solo
(22:59 / All) BreakerOfTravis: LOL
(23:05 / All) BreakerOfTravis: You're like 13% solo
(23:07 / All) Promised: solo is for homos in this game. i dont play it
(23:09 / All) SHEPPARD-D.: yellow, i killed u blue and red 1v3, u need to apologize to me for sucking
(23:19 / All) Promised: plus i dont go make a new name when my stats get bad GG NOOB
(23:23 / All) Promised: GO HANG URSELF
(23:33 / All) BreakerOfTravis: 13% solo lozl
(23:59 / All) SHEPPARD-D.: stats darknesscalled- he is me and nlggerwcrmods he is green
(24:36 / All) Promised: LOL nice defense. go circle jerk brah. you are aweful
(24:48 / All) SHEPPARD-D.: he was definitely upset
(24:53 / All) SHEPPARD-D.: my team needs loss i will leave k
(24:57 / All) BreakerOfTravis: I tried to make him more mad
(25:07 / All) SHEPPARD-D.: i am leaving in 4
(25:09 / All) SHEPPARD-D.: 3
(25:10 / All) SHEPPARD-D.: 2
(25:11 / All) SHEPPARD-D.: 1